 Dungeon Crawl Stone Soup version 0.28-a0-1510-gd0f6b136d3 (webtiles) character file.

Game seed: 17295565954759615052

28 gruber the Chiller (level 3, 0/19 HPs)
             Began as a Gargoyle Ice Elementalist on Jan 15, 2022.
             Slain by a black bear (4 damage)
             ... on level 2 of the Dungeon.
             The game lasted 00:01:15 (1468 turns).

gruber the Chiller (Gargoyle Ice Elementalist)      Turns: 1468, Time: 00:01:15

Health: 0/19       AC:  5    Str:  7    XL:     3   Next: 14%
Magic:  1/6        EV: 11    Int: 19    God:
Gold:   69         SH:  0    Dex: 10    Spells: 5/6 levels left

rFire   . . .      SeeInvis .   i - +5 hand axe of Pemeeh {freeze, rCorr Str-4 Int+2}
rCold   . . .      Faith    .   (no shield)
rNeg    + . .      Spirit   .   a - +0 robe
rPois   ∞          Reflect  .   (no helmet)
rElec   +          Harm     .   (no cloak)
rCorr   +          Rampage  .   (no gloves)
Will    .....                   (no boots)
Stlth   ++........              (no amulet)
HPRegen 0.06/turn               (no ring)
MPRegen 0.10/turn               (no ring)

@: no status effects
A: sickness immunity, AC +3, negative energy resistance 1, electricity
resistance, torment resistance 1, petrification resistance
a: no special abilities


You were on level 2 of the Dungeon.
You visited 1 branch of the dungeon, and saw 2 of its levels.

You collected 69 gold pieces.

Inventory:

Hand Weapons
 f - a +1 whip of electrocution
 i - the +5 hand axe of Pemeeh (weapon) {freeze, rCorr Str-4 Int+2}
   (You found it on level 2 of the Dungeon)

   It freezes those it strikes, dealing additional cold damage.
   It can also slow down cold-blooded creatures.
   Str:       It affects your strength (-4).
   Int:       It affects your intelligence (+2).
   rCorr:     It protects you from acid and corrosion.
Missiles
 h - 5 poisoned darts
Armour
 a - a +0 robe (worn)
Jewellery
 j - an amulet of magic regeneration
Scrolls
 d - a scroll of vulnerability {unknown}
 g - a scroll of identify {unknown}
Potions
 b - a potion of flight {unknown}
 c - a potion of cancellation {unknown}
 e - a potion of degeneration {unknown}
 k - a potion of might {unknown}


   Skills:
 - Level 1.5 Dodging
 - Level 2.1 Stealth
 + Level 2.3 Spellcasting
 + Level 4.7 Ice Magic


You had 5 spell levels left.
You knew the following spells:

 Your Spells              Type           Power      Damage    Failure   Level
a - Freeze                Ice            80%        1d9       2%          1

Your spell library contained the following spells:

 Spells                   Type           Power      Damage    Failure   Level
 Frozen Ramparts          Ice            40%        1d6       7%          3
 Ozocubu's Armour         Ice            20%        N/A       7%          3
 Apportation              Tloc           4%         N/A       16%         1
 Hailstorm                Conj/Ice       11%        3d5       52%         4
 Alistair's Intoxication  Tmut/Pois      1%         N/A       99%         5


Dungeon Overview and Level Annotations

Branches:
Dungeon (2/15)

Altars:


Innate Abilities, Weirdness & Mutations

You are immune to sickness and miasma.
Your stone body is resilient. (AC +3)
You are immune to poison.
You resist negative energy. (rN+)
You are resistant to electric shocks. (rElec)
You are resistant to unholy torment.
You are immune to petrification.


Message History

The black bear bites you.
The black bear claws you but does no damage. x2
You are too injured to fight recklessly!
You are too injured to fight recklessly!
Casting: Freeze (safe; 2% risk of failure)
Confirm with . or Enter, or press ? or * to list all spells.
Aiming: Freeze (safe; 2% risk of failure)
Press: ? - help, Shift-Dir - straight line, f/p - black bear
Aim: a black bear (heavily wounded)
You freeze the black bear!
The black bear is severely wounded.
The black bear goes berserk!
Casting: Freeze (safe; 2% risk of failure)
Confirm with . or Enter, or press ? or * to list all spells.
Aiming: Freeze (safe; 2% risk of failure)
Press: ? - help, Shift-Dir - straight line, f/p - black bear
Aim: a black bear (severely wounded, berserk)
You freeze the black bear.
The black bear is almost dead.
The black bear closely misses you. The black bear completely misses you.
The black bear barely misses you. The black bear bites you.
The black bear claws you.
The black bear claws you but does no damage.
Unknown command.
Unknown command.
Casting: Freeze (safe; 2% risk of failure)
Confirm with . or Enter, or press ? or * to list all spells.
You don't have enough magic to cast this spell.
Unknown command.
The black bear misses you. The black bear claws you.
The black bear closely misses you.
You barely miss the black bear.
The black bear is almost dead.
The black bear bites you.
* * * LOW HITPOINT WARNING * * *
The black bear claws you.
* * * LOW HITPOINT WARNING * * *
The black bear claws you but does no damage.
The black bear bites you.
You die...

+................#.
######................#.
......................#.
.###.................#.
.#..###...........###'###.
........#'######### #..##.
#########.# ##.##.
....)...############..#.
.......@............>.#.
.......h..#....#####....
####.###.+# ..# #...#
...#(........# #....
......!#.......# #.#..
.....###.......# #.#..
.... ........#####.... ..
............###.# .
.................


You could see a black bear (berserk).

Vanquished Creatures
  A dart slug (D:1)
  A bat (D:2)
  4 endoplasms
  A goblin (D:2)
  A hobgoblin (D:2)
  2 quokkas
  4 ball pythons
  A frilled lizard (D:2)
  5 kobolds
  5 rats
25 creatures vanquished.

Notes
Turn   | Place    | Note
-------+----------+-------------------------------------------
     0 | D:1      | gruber the Gargoyle Ice Elementalist began the quest for
                  | the Orb.
     0 | D:1      | Reached XP level 1. HP: 10/10 MP: 3/3
   408 | D:1      | Reached XP level 2. HP: 15/15 MP: 3/5
   485 | D:1      | Found a faded altar of an unknown god.
  1076 | D:2      | Reached XP level 3. HP: 13/19 MP: 2/6
  1170 | D:2      | Identified the +5 hand axe of Pemeeh {freeze, rCorr Str-4
                  | Int+2}
  1458 | D:2      | Noticed a black bear
  1468 | D:2      | Slain by a black bear

Illustrated notes

Levels and vault maps discovered:
D:1:      lemuel_arrival_behind_the_door_small, layout_basic,
          chequers_ecumenical_altar_island, minmay_distorted
D:2:      layout_basic, serial_curves, eino_curves_04, eino_curves_02,
          minmay_tetromino_l2

Action                   || total
-------------------------++-------
Melee: Unarmed           ||     6
       Whip              ||     7
       Punch             ||     1
       Hand axe          ||     2
 Cast: Freeze            ||    32
 Stab: Sleeping          ||     2
Armor: Robe              ||    13
Dodge: Dodged            ||    28

Table legend: (Time is in decaauts)
 A = Elapsed time spent in this place.
 B = Non-inter-level travel time spent in this place.
 C = Inter-level travel time spent in this place.
 D = Time resting spent in this place.
 E = Time spent auto-exploring this place.
 F = Levels seen in this place.
 G = Mean time per level.
                   A        B        C        D        E       F      G
               +--------+--------+--------+--------+--------+-----+--------+
         Total |   1470 |   1385 |     85 |      0 |   1233 |   2 |  735.0 |
       Dungeon |   1470 |   1385 |     85 |      0 |   1233 |   2 |  735.0 |
               +--------+--------+--------+--------+--------+-----+--------+

Top non-repeatable levels by time:
     D:1: 960 daAuts
     D:2: 510 daAuts
